 Dungeon Crawl Stone Soup version 0.22-a0-305-gd21a89c (webtiles) character file.

23 ololoev the Firebug (level 2, 19/20 HPs)
             Began as a Ghoul Fire Elementalist on Mar 28, 2018.
             Quit the game on level 1 of the Dungeon.
             The game lasted 00:03:08 (1739 turns).

ololoev the Firebug (Ghoul Fire Elementalist)       Turns: 1739, Time: 00:03:09

Health: 19/20      AC:  3    Str: 11      XL:     2   Next: 95%
Magic:  0/4        EV: 12    Int:  8 (10) God:
Gold:   52         SH:  0    Dex:  7 (9)  Spells: 4/5 levels left

rFire    . . .     SeeInvis .   f - -3 hunting sling (curse)
rCold    + . .     Gourm    .   (no shield)
rNeg     + + +     Faith    .   a - +0 robe
rPois    ∞         Spirit   .   (no helmet)
rElec    .         Reflect  .   (no cloak)
rCorr    .         Harm     .   h - +0 pair of gloves
MR       .....                  (no boots)
Stlth    ++........             (no amulet)
HPRegen  0.00/turn              (no ring)
MPRegen  0.09/turn              (no ring)

@: rotting
A: rotting body, claws 1, carnivore, cold resistance 1, negative energy
resistance 3, inhibited regeneration, torment resistance, unbreathing
a: no special abilities


Innate Abilities, Weirdness & Mutations

Your body is rotting away.
You thrive on raw meat.
You are immune to poison.
You have sharp fingernails.
You are carnivorous and can eat meat at any time.
Your flesh is cold resistant. (rC+)
You are immune to negative energy. (rN+++)
You do not regenerate when monsters are visible.
You are immune to unholy pain and torment.
You can survive without breathing.

Inventory:

Hand Weapons
 f - a cursed -3 hunting sling (weapon)
Armour
 a - a +0 robe (worn)
 h - a +0 pair of gloves (worn)
Scrolls
 d - 2 scrolls of identify
 g - a scroll of teleportation
Potions
 e - a potion of cancellation
Comestibles
 b - a chunk of flesh
 c - 3 rations


   Skills:
 - Level 1.7 Dodging
 - Level 2.1 Stealth
 + Level 2.0 Spellcasting
 * Level 1.6 Conjurations
 + Level 2.6 Fire Magic


You had 4 spell levels left.
You knew the following spells:

 Your Spells              Type           Power        Failure   Level  Hunger
a - Flame Tongue          Conj/Fire      #....        14%         1    ##.....


You were on level 1 of the Dungeon.
You were not hungry.

You visited 1 branch of the dungeon, and saw 2 of its levels.

You collected 52 gold pieces.

'....'.................#
#.#
#....########..#.#######
#.# #....# ##.#.# #.#
.....# #...# #.# ...###
##..# #.# ...# #..# #.#
...# ##.# #.# ...#
#.###########.## ...#
#@l............# ####
#######.######## #.# #.#
#.# #.# #.# #.# #.#

Notes
Turn   | Place    | Note
-------+----------+-------------------------------------------
     0 | D:1      | ololoev the Ghoul Fire Elementalist began the quest for the Orb.
     0 | D:1      | Reached XP level 1. HP: 14/14 MP: 2/2
   203 | D:1      | Reached skill level 1 in Conjurations
   652 | D:1      | Reached XP level 2. HP: 20/20 MP: 1/3
  1115 | D:1      | You fall through a shaft!
  1158 | D:2      | Found a shimmering altar of Xom.
  1739 | D:1      | Quit the game

Dungeon Overview and Level Annotations

Branches:
Dungeon (2/15)

Altars:
Xom


Message History

You climb upwards.
Your magical contamination has completely faded away.
There is a stone staircase leading down here.
You start resting.
Magic restored.
You start resting.
You are feeling very hungry.
Eat one of 3 chunks of flesh? (ye/n/q)
You eat one of the 3 chunks of flesh.
This raw flesh tastes great!
All of the chunks of flesh in your inventory have rotted away.
There is a stone staircase leading down here.
You climb downwards.
A hobgoblin comes into view. It is wielding a club.
There is a stone staircase leading up here.
Casting: Flame Tongue (safe; 16% risk of failure)
Confirm with . or Enter, or press ? or * to list all spells.
You can't see any susceptible monsters within range! (Use Z to cast anyway.)
Casting: Flame Tongue (safe; 16% risk of failure)
Confirm with . or Enter, or press ? or * to list all spells.
You can't see any susceptible monsters within range! (Use Z to cast anyway.)
The hobgoblin shouts!
A rat comes into view.
Casting: Flame Tongue (safe; 16% risk of failure)
Confirm with . or Enter, or press ? or * to list all spells.
Aiming: Flame Tongue (safe; 16% risk of failure)
Press: ? - help, Shift-Dir - straight line, f - hobgoblin
Aim: a hobgoblin, wielding a club The flame tongue misses the hobgoblin.
The hobgoblin hits you but does no damage.
Casting: Flame Tongue (safe; 16% risk of failure)
Confirm with . or Enter, or press ? or * to list all spells.
Aiming: Flame Tongue (safe; 16% risk of failure)
Press: ? - help, Shift-Dir - straight line, f/p - hobgoblin
Aim: a hobgoblin, wielding a club The flame tongue hits the hobgoblin.
The hobgoblin is moderately wounded.
The hobgoblin barely misses you.
Casting: Flame Tongue (safe; 16% risk of failure)
Confirm with . or Enter, or press ? or * to list all spells.
Aiming: Flame Tongue (safe; 16% risk of failure)
Press: ? - help, Shift-Dir - straight line, f/p - hobgoblin
Aim: a hobgoblin, wielding a club (moderately wounded)
The flame tongue hits the hobgoblin.
You kill the hobgoblin!
Casting: Flame Tongue (safe; 14% risk of failure)
Confirm with . or Enter, or press ? or * to list all spells.
Aiming: Flame Tongue (safe; 14% risk of failure)
Press: ? - help, Shift-Dir - straight line, f - rat
Aim: a rat The flame tongue hits the rat.
You kill the rat!
You see here a rat corpse.
You butcher the rat corpse.
b - a chunk of flesh A frilled lizard comes into view.
The frilled lizard hisses angrily.
Casting: Flame Tongue (safe; 14% risk of failure)
Confirm with . or Enter, or press ? or * to list all spells.
Aiming: Flame Tongue (safe; 14% risk of failure)
Press: ? - help, Shift-Dir - straight line, f - frilled lizard
Aim: a frilled lizard The flame tongue hits the frilled lizard.
The frilled lizard is heavily wounded.
Casting: Flame Tongue (safe; 14% risk of failure)
Confirm with . or Enter, or press ? or * to list all spells.
You don't have enough magic to cast that spell.
Really attack while wielding your cursed -3 hunting sling?
Okay, then.
There is a stone staircase leading up here.
The frilled lizard bites you.
You climb upwards.
There is a stone staircase leading down here.
Casting: Flame Tongue (safe; 14% risk of failure)
Confirm with . or Enter, or press ? or * to list all spells.
Aiming: Flame Tongue (safe; 14% risk of failure)
Press: ? - help, Shift-Dir - straight line, f - frilled lizard
Aim: a frilled lizard (heavily wounded)
The flame tongue misses the frilled lizard.
The frilled lizard bites you but does no damage.
Are you sure you want to abandon this character and quit the game? (Confirm with "yes".)

You could see a frilled lizard.

Vanquished Creatures
  An adder (D:2)
  3 bats (D:1)
  2 giant cockroaches (D:1)
  2 hobgoblins
  2 frilled lizards
  A goblin (D:2)
  A kobold (D:1)
  2 rats (D:2)
14 creatures vanquished.

Action                   || total
-------------------------++-------
Melee: Unarmed           ||    46
 Cast: Flame Tongue      ||    26
  Use: Scroll            ||     3
       Potion            ||     2
  Eat: Chunk             ||     3
Armor: Robe              ||    19
Dodge: Dodged            ||    48

Vault maps used:
D:1:      eino_arrival_cavern_b
D:2:      xom_teletrap_fun, uniq_sigmund
